 Dungeon Crawl Stone Soup version 0.28.0-53-g5a82cb258f (webtiles) character file.

Game seed: 15762625878810100719

10448 Eitelfritz the Unseen (level 11, -20/66 HPs)
             Began as a Kobold Brigand on July 15, 2022.
             Was an Elder of Dithmenos.
             Demolished by a death yak (24 damage)
             ... on level 10 of the Dungeon.
             The game lasted 00:38:33 (12401 turns).

Eitelfritz the Unseen (Kobold Brigand)             Turns: 12401, Time: 00:38:34

Health: -20/66     AC:  7    Str:  9    XL:     11   Next: 93%
Magic:  6/15       EV: 18    Int: 19    God:    Dithmenos [****..]
Gold:   785        SH:  0    Dex: 20    Spells: 10/16 levels left

rFire   . . .      SeeInvis .   a - +4 dagger (drain)
rCold   . . .      Faith    .   (no shield)
rNeg    . . .      Spirit   .   s - +0 leather armour
rPois   .          Reflect  .   (no helmet)
rElec   .          Harm     .   c - +0 cloak
rCorr   .          Rampage  .   t - +0 pair of gloves
Will    .....                   y - +0 pair of boots Stlth *+++++++++
                                (no amulet)
HPRegen 0.21/turn               l - +6 ring of intelligence
MPRegen 0.14/turn               (no ring)

@: wreathed by umbra
A: small, no large weapons, nightstalker 3
a: Renounce Religion, Shadow Step


You were on level 10 of the Dungeon.
You worshipped Dithmenos.
Dithmenos was greatly pleased with you.
You visited 2 branches of the dungeon, and saw 12 of its levels.
You also visited: Ossuary.

You collected 785 gold pieces.

Inventory:

Hand Weapons
 a - a +4 dagger of draining (weapon)
 b - a +0 short sword of flaming
 f - the +2 spear "Ynona" {flame, rN+ rCorr Int+2 Dex-2}
   (You found it on level 4 of the Dungeon)

   It burns those it strikes, dealing additional fire damage.
   Int:       It affects your intelligence (+2).
   Dex:       It affects your dexterity (-2).
   rN:        It protects you from negative energy.
   rCorr:     It protects you from acid and corrosion.
 h - a +0 short sword of venom
 m - a +2 dagger
 H - a +0 rapier
 O - a +0 hand crossbow
Missiles
 e - 9 curare-tipped darts
 i - 372 stones (quivered)
 k - 3 boomerangs
 p - 23 poisoned darts
 P - 27 bolts
Armour
 c - a +0 cloak (worn)
 q - a +0 pair of gloves
 s - a +0 leather armour (worn)
 t - a +0 pair of gloves (worn)
 y - a +0 pair of boots (worn)
Jewellery
 l - a +6 ring of intelligence (left hand)
 v - an amulet of magic regeneration
 z - an amulet of guardian spirit
 B - a ring of flight
 I - an amulet of reflection
Wands
 x - a wand of mindburst (9)
 F - a wand of iceblast (15)
 K - a wand of flame (24)
 R - a wand of polymorph (1)
Scrolls
 E - a scroll of magic mapping
 L - 2 scrolls of fog
 N - a scroll of amnesia
 Q - a scroll of blinking
Potions
 d - 2 potions of berserk rage {unknown}
 g - 4 potions of curing
 j - a potion of magic {unknown}
 n - a potion of degeneration {unknown}
 o - 3 potions of heal wounds {unknown}
 r - a potion of lignification {unknown}
 u - 4 potions of might {unknown}
 w - a potion of attraction {unknown}
 A - 2 potions of flight {unknown}
 C - 3 potions of haste {unknown}
 D - a potion of invisibility {unknown}
 G - a potion of brilliance {unknown}
 J - a potion of ambrosia {unknown}
 M - 2 potions of resistance {unknown}


   Skills:
 + Level 6.4 Fighting
 + Level 10.2 Short Blades
 + Level 3.8 Throwing
 + Level 4.1 Armour
 + Level 6.5 Dodging
 + Level 17.3 Stealth
 + Level 3.1 Spellcasting
 + Level 2.7 Transmutations
 + Level 0.5 Air Magic
 + Level 2.2 Poison Magic
 + Level 0.8 Evocations


You had 10 spell levels left.
You knew the following spells:

 Your Spells              Type           Power      Damage    Failure   Level
a - Sting                 Tmut/Pois      48%        1d5       8%          1
b - Poisonous Vapours     Pois/Air       16%        N/A       17%         2
c - Mephitic Cloud        Conj/Pois/Air  6%         N/A       38%         3

Your spell library contained the following spells:

 Spells                   Type           Power      Damage    Failure   Level
 Magic Dart               Conj           8%         1d3       21%         1
 Call Imp                 Summ           2%         N/A       30%         2
 Ignite Poison            Fire/Tmut/Pois 9%         N/A       30%         3
 Call Canine Familiar     Summ           2%         N/A       52%         3
 Conjure Flame            Conj/Fire      2%         6-21      52%         3
 Dazzling Flash           Conj/Hex       4%         N/A       52%         3
 Portal Projectile        Hex/Tloc       4%         N/A       52%         3
 Olgreb's Toxic Radiance  Pois           11%        N/A       63%         4
 Blade Hands              Tmut           6%         N/A       88%         5
 Iskenderun's Mystic Bla  Conj/Tloc      2%         2d3       90%         4
 Leda's Liquefaction      Hex/Erth       1%         N/A       90%         4
 Sticky Flame             Conj/Fire      2%         2d3       90%         4
 Alistair's Intoxication  Tmut/Pois      8%         N/A       90%         5
 Irradiate                Conj/Tmut      4%         3d15      97%         5
 Borgnjor's Vile Clutch   Necr/Erth      1%         N/A       99%         5
 Eringya's Noxious Bog    Tmut/Pois      6%         N/A       100%        6
 Starburst                Conj/Fire      1%         6d3       100%        6
 Dragon Form              Tmut           6%         N/A       100%        7


Dungeon Overview and Level Annotations

Branches:
Dungeon (11/15)            Temple (1/1) D:4            Lair (0/6) D:11
    Orc (0/2) D:10        Ossuary (visited)

Altars:
Ashenzari
Cheibriados
Dithmenos
Elyvilon
Fedhas
Gozag
Hepliaklqana
Kikubaaqudgha
Makhleb
Nemelex Xobeh
Okawaru
Qazlal
Ru
Sif Muna
Trog
Uskayaw
Vehumet
Wu Jian
Xom
Yredelemnul
Zin
The Shining One

Shops:
D:7 =   D:8 :


Innate Abilities, Weirdness & Mutations

You are small and have problems with some larger weapons.
You are completely attuned to the shadows.


Message History

Press: ? - help, Shift-Dir - straight line, f/p - death yak
Aim: a death yak (lightly wounded, umbra, 90% to hit)
The sting hits the death yak but does no damage.
The death yak is poisoned.
The death yak is lightly wounded.
The death yak barely misses you.
Casting: Sting (safe; 8% risk of failure)
Confirm with . or Enter, or press ? or * to list all spells.
Aiming: Sting (safe; 8% risk of failure)
Press: ? - help, Shift-Dir - straight line, f/p - death yak
Aim: a death yak (lightly wounded, poisoned, umbra, 90% to hit)
The sting hits the death yak but does no damage.
The death yak looks even sicker.
The death yak is lightly wounded.
The death yak completely misses you.
Casting: Sting (safe; 8% risk of failure)
Confirm with . or Enter, or press ? or * to list all spells.
Aiming: Mephitic Cloud (dangerous; 38% risk of failure)
Press: ? - help, Shift-Dir - straight line, p - death yak You miscast Mephitic Cloud.
You are very lightly contaminated with residual magic.
You are blasted with air.
The death yak misses you.
Unknown command.
The death yak looks more healthy.
Casting: Mephitic Cloud (dangerous; 38% risk of failure)
Confirm with . or Enter, or press ? or * to list all spells.
Aiming: Mephitic Cloud (dangerous; 38% risk of failure)
Press: ? - help, Shift-Dir - straight line, f - death yak
Aim: a death yak (umbra, chance to affect: 34%)
The ball explodes into a vile cloud!
The stinking cloud engulfs the death yak but does no damage.
The death yak is engulfed in noxious fumes. x2
The death yak gores you!!
* * * LOW HITPOINT WARNING * * *
The death yak is engulfed in noxious fumes.
The death yak appears confused.
The death yak gores itself.
Your magical contamination has completely faded away.
The death yak is engulfed in noxious fumes.
The death yak gores you!!
You die...

...###.......#.#..##..# #.#......
.### #.#.#.#.#...<....###....#.#.
)#####.......##.....[............
.......#.#.#......##.####....#.#.
.#.#.#.......#....##.# #........
.....#..######....##.# ###...##..
.#.#.....# #....#..###.........
.....###.#####...Y.............##
.#.#.# #........@##.####.###.#...
.....# #######..###.# #..# #...##
.#.#.# #..# #.# #.## ##.## .....#
#..# #.# #.# #.#
###.##########..###.###.# #.###
#...........>......##.# #....
#################..##.# ####.
##########..##.# #. ####
#...........##.# #.


You could see a death yak (confused).

Vanquished Creatures
  A boulder beetle (D:10)
  2 two-headed ogres
  4 death yaks (D:11)
  Pikel (D:4)
  A troll (D:10)
  A wyvern (D:8)
  5 yaks (D:9)
  Edmund (D:5)
  2 acid dragons (D:9)
  2 water moccasins
  2 hornet zombies (D:6)
  2 ice beasts (D:7)
  2 sky beasts
  A black bear (D:8)
  2 orc warriors
  3 ogres
  2 centaurs
  2 necrophages (D:7)
  2 phantoms
  2 kobold brigands
  3 bullfrogs
  4 scorpions
  A gnoll sergeant (D:6)
  2 wyvern zombies
  3 water moccasin zombies (Ossuary)
  2 wyvern skeletons (D:7)
  A water moccasin skeleton (D:5)
  5 wights (D:9)
  7 howler monkeys
  4 centaur zombies
  2 bullfrog skeletons
  4 hounds
  A jelly (D:4)
  Crazy Yiuf (D:6)
  An orc priest (D:10)
  A gnoll shaman (D:4)
  8 iguanas
  6 orc wizards
  Natasha (thrice) (D:3)
  A hound skeleton (D:4)
  3 mummies
  2 howler monkey zombies
  5 adders
  6 gnolls (D:6)
  3 white imps
  2 adder zombies (Ossuary)
  An adder skeleton (D:4)
  A worm (D:2)
  3 dart slugs (D:3)
  41 orcs
  6 endoplasms
  6 giant cockroaches
  6 gnoll zombies (Ossuary)
  11 goblins
  6 hobgoblins
  3 jackals (D:4)
  8 kobolds
  3 quokkas
  3 ball pythons
  4 bats
  3 frilled lizards
  5 hobgoblin zombies
  6 kobold zombies
  5 orc zombies (Ossuary)
  3 rats
245 creatures vanquished.

Vanquished Creatures (others)
  An angel (D:3)
  2 plants (D:2)
3 creatures vanquished.

Grand Total: 248 creatures vanquished

Notes
Turn   | Place    | Note
-------+----------+-------------------------------------------
     0 | D:1      | Eitelfritz the Kobold Brigand began the quest for the Orb.
     0 | D:1      | Reached XP level 1. HP: 12/12 MP: 1/1
   149 | D:1      | Reached XP level 2. HP: 15/17 MP: 2/2
   647 | D:1      | Reached skill level 6 in Stealth
  1020 | D:1      | Reached XP level 3. HP: 22/22 MP: 3/3
  1907 | D:3      | Found a glowing silver altar of Zin.
  1907 | D:3      | Noticed an angel
  1916 | D:3      | Found a shimmering altar of Xom.
  1988 | D:3      | Reached XP level 4. HP: 27/27 MP: 4/4
  2085 | D:3      | Killed an angel
  2153 | D:3      | Noticed Natasha
  2172 | D:3      | Reached skill level 7 in Stealth
  2182 | D:3      | Killed Natasha
  2499 | D:3      | Reached XP level 5. HP: 30/31 MP: 5/5
  2636 | D:3      | Noticed Natasha
  2651 | D:3      | Killed Natasha
  2658 | D:3      | Noticed Natasha
  2672 | D:3      | Killed Natasha
  3058 | D:4      | Reached skill level 1 in Armour
  3058 | D:4      | Reached skill level 8 in Stealth
  3058 | D:4      | Reached XP level 6. HP: 36/36 MP: 6/6
  3060 | D:4      | Noticed Pikel
  3417 | D:4      | Noticed an ogre
  3422 | D:4      | Killed an ogre
  3423 | D:4      | Reached XP level 7. HP: 41/41 MP: 7/7
  3665 | D:4      | Killed Pikel
  3666 | D:4      | Reached skill level 5 in Short Blades
  3666 | D:4      | Reached skill level 9 in Stealth
  3666 | D:4      | Reached XP level 8. HP: 17/46 MP: 8/8
  3891 | D:4      | Identified the +2 spear "Ynona" {flame, rN+ rCorr Int+2
                  | Dex-2}
  4223 | D:4      | Found a staircase to the Ecumenical Temple.
  4242 | Temple   | Entered the Ecumenical Temple
  4257 | Temple   | Learned a level 1 spell: Sting
  4322 | Temple   | Became a worshipper of Dithmenos the Shadowed
  4382 | D:4      | Found a shimmering blue altar of Sif Muna.
  4557 | D:5      | Entered Level 5 of the Dungeon
  4567 | D:5      | Reached skill level 10 in Stealth
  4832 | D:5      | Found a sand-covered staircase.
  4837 | Ossuary  | Entered an ossuary
  5213 | Ossuary  | Reached skill level 11 in Stealth
  5219 | Ossuary  | Reached * piety under Dithmenos
  5474 | D:5      | Reached XP level 9. HP: 52/52 MP: 9/9
  5782 | D:5      | Noticed Edmund
  5801 | D:5      | Killed Edmund
  5972 | D:5      | Found an ancient bone altar of Kikubaaqudgha.
  5974 | D:5      | Found a hide-covered altar of Uskayaw.
  6182 | D:5      | Reached skill level 1 in Transmutations
  6228 | D:5      | Reached skill level 12 in Stealth
  6646 | D:6      | Found a broken altar of Ashenzari.
  6902 | D:6      | Reached ** piety under Dithmenos
  7050 | D:6      | Reached skill level 13 in Stealth
  7050 | D:6      | Reached skill level 1 in Spellcasting
  7809 | D:6      | Reached XP level 10. HP: 58/58 MP: 11/11
  7983 | D:6      | Found a runed translucent door.
  7986 | D:6      | Noticed Crazy Yiuf
  8043 | D:6      | Killed Crazy Yiuf
  8228 | D:7      | Reached skill level 1 in Poison Magic
  8380 | D:7      | Found an opulent altar of Gozag.
  8588 | D:7      | Reached skill level 5 in Fighting
  8726 | D:7      | Learned a level 2 spell: Poisonous Vapours
  8744 | D:7      | Found Seosicho's Jewellery Shop.
  9379 | D:8      | Reached skill level 5 in Dodging
  9677 | D:8      | Reached skill level 14 in Stealth
  9693 | D:8      | Found Koomor's Book Shoppe.
 10237 | D:9      | Noticed a two-headed ogre
 10239 | D:9      | Killed a two-headed ogre
 10314 | D:9      | Reached *** piety under Dithmenos
 10318 | D:9      | Reached XP level 11. HP: 64/64 MP: 14/14
 10345 | D:9      | Reached skill level 15 in Stealth
 10609 | D:9      | Learned a level 3 spell: Mephitic Cloud
 11117 | D:10     | Entered Level 10 of the Dungeon
 11358 | D:10     | Noticed a boulder beetle
 11361 | D:10     | Killed a boulder beetle
 11362 | D:10     | Reached skill level 16 in Stealth
 11897 | D:10     | Found a staircase to the Orcish Mines.
 12217 | D:11     | Noticed a two-headed ogre
 12221 | D:11     | Killed a two-headed ogre
 12289 | D:11     | Noticed a death yak
 12291 | D:11     | Noticed a death yak
 12292 | D:11     | Found a staircase to the Lair.
 12293 | D:11     | Killed a death yak
 12296 | D:11     | Killed a death yak
 12297 | D:11     | Reached skill level 10 in Short Blades
 12298 | D:11     | Noticed a death yak
 12299 | D:11     | Noticed a death yak
 12299 | D:11     | Noticed a death yak
 12300 | D:11     | Noticed a death yak
 12300 | D:11     | Noticed a death yak
 12302 | D:11     | Killed a death yak
 12302 | D:11     | Reached **** piety under Dithmenos
 12303 | D:11     | Reached skill level 17 in Stealth
 12305 | D:11     | Killed a death yak
 12399 | D:10     | HP: 3/66 [death yak (20)]
 12401 | D:10     | Demolished by a death yak

Illustrated notes

Levels and vault maps discovered:
D:1:      lightli_arrival_lavapool, layout_basic, patterned_corridor
D:2:      layout_rooms, guppyfry_early_lair_pool
D:3:      layout_loops_ring, grunt_temple_overflow_order_and_chaos_1,
          nicolae_figureground_pulse, uniq_natasha
D:4:      layout_rooms, amcnicky_altar_gilded, temple_fountains,
          minmay_circle_x, uniq_pikel
D:5:      layout_gridville, nicolae_overflow_squiral,
          nicolae_ossuary_entry_giza, hex_medium, st_stairs_4,
          minmay_misc_feat_hallway, minmay_misc_feat_columns, uniq_edmund
D:6:      mumra_celtic_spiral_tile, layout_loops_ring,
          nicolae_ashenzari_panopticon, corner_web_ring, minmay_bent,
          uniq_crazy_yiuf_cottage
D:7:      layout_gridville, nicolae_gozag_cash_rules_everything_around_me,
          serial_shops, nicolae_square_shop
D:8:      layout_loops_ring, serial_shops, nicolae_shop_advertising_works
          [nicolae_subvault_shop_adworks]
D:9:      layout_roguey
D:10:     layout_loops_ring, orc_0_dummy, serial_glass, glass_columns_b,
          glass_columns_a, glass_columns_b, glass_columns_c, glass_columns_a,
          glass_columns_a
D:11:     layout_irregular_city, dpeg_lair_monsters, uniq_harold, uniq_erica
Temple:   eino_wide_crystal_templ

Skill      XL: |  1  2  3  4  5  6  7  8  9 10 11 |
---------------+----------------------------------+-----
Stealth        | 6 7 8 9 11 13 14 17 | 17.3
Short Blades   | 3 4 5 6 7 9 10 | 10.2
Armour         | 1 2 3 4 |  4.1
Fighting       | 3 4 5 6 |  6.4
Dodging        | 2 3 4 5 6 |  6.5
Throwing       | 3 |  3.8
Transmutations | 1 2 |  2.7
Spellcasting   | 1 2 3 |  3.1
Poison Magic   | 1 2 |  2.2
Air Magic      | |  0.5
Evocations     | |  0.8

Action                   |  1- 3 |  4- 6 |  7- 9 | 10-12 || total
-------------------------+-------+-------+-------+-------++-------
Melee: Dagger            |    64 |    54 |   287 |   328 ||   733
       Short sword       |       |    11 |    74 |     9 ||    94
       Punch             |       |     1 |     2 |     5 ||     8
Throw: Dart              |       |    10 |     1 |       ||    11
       Stone             |       |     2 |     1 |       ||     3
 Cast: Sting             |       |       |     7 |    21 ||    28
       Mephitic Cloud    |       |       |       |     3 ||     3
       Poisonous Vapours |       |       |       |     1 ||     1
Evoke: Wand              |       |     1 |     1 |       ||     2
  Use: Scroll            |       |     5 |     6 |     3 ||    14
       Potion            |       |       |       |     1 ||     1
 Stab: Sleeping          |    21 |    10 |    47 |    43 ||   121
       Paralysed         |       |     1 |       |       ||     1
       Distracted        |       |       |     5 |     5 ||    10
Armor: Robe              |     6 |       |       |       ||     6
       Leather armour    |       |    12 |    42 |    25 ||    79
Dodge: Dodged            |    19 |    33 |   172 |   184 ||   408
